 Dungeon Crawl Stone Soup version 0.29-a0-418-gc0181ea820 (webtiles) character file.

Game seed: 4331865860195989918

281 Hubjo the Firebug (level 6, -6/36 HPs)
             Began as a Deep Elf Fire Elementalist on May 17, 2022.
             Was an Initiate of Ashenzari.
             Mangled by an ogre
             ... wielding a +0 giant spiked club
              (13 damage)
             ... on level 4 of the Dungeon.
             The game lasted 00:05:14 (5319 turns).

Hubjo the Firebug (Deep Elf Fire Elementalist)      Turns: 5319, Time: 00:05:16

Health: -6/36      AC:  6    Str:  8    XL:     6   Next: 6%
Magic:  19/23      EV: 12    Int: 22    God:    Ashenzari [......]
Gold:   265        SH:  0    Dex: 15    Spells: 13/14 levels left

rFire   + . .      SeeInvis .   l - +4 dagger (venom)
rCold   x . .      Faith    +   (no shield)
rNeg    . . .      Spirit   .   a - +0 robe
rPois   .          Reflect  .   (no helmet)
rElec   .          Harm     .   (no cloak)
rCorr   .          Rampage  .   r - +2 pair of gloves {Str+3}
Will    .....                   p - +0 pair of boots
Stlth   +++.......              o - amulet of faith
HPRegen 0.12/turn               j - ring of fire
MPRegen 0.18/turn               w - ring of magical power

@: no status effects
A: no striking features
a: Renounce Religion


You were on level 4 of the Dungeon.
You worshipped Ashenzari.
Ashenzari was noncommittal.
You visited 1 branch of the dungeon, and saw 5 of its levels.

You collected 265 gold pieces.

Inventory:

Hand Weapons
 l - a +4 dagger of venom (weapon)
Armour
 a - a +0 robe (worn)
 p - a +0 pair of boots (worn)
 r - a +2 pair of gloves of strength (worn)
Magical Staves
 k - a staff of air
Jewellery
 j - a ring of fire (left hand)
 o - an amulet of faith (around neck)
 q - a ring of protection from fire
 v - a ring of poison resistance
 w - a ring of magical power (right hand)
Scrolls
 c - 2 scrolls of magic mapping {unknown}
 d - a scroll of noise {unknown}
 e - a scroll of torment {unknown}
 f - 3 scrolls of immolation
 h - 2 scrolls of identify {unknown}
 m - 2 scrolls of fear
 n - a scroll of acquirement {unknown}
 s - 2 scrolls of fog {unknown}
 t - a scroll of poison {unknown}
Potions
 b - 2 potions of magic
 g - a potion of might {unknown}
 i - 4 potions of heal wounds
 u - a potion of resistance {unknown}
 x - a potion of attraction {unknown}


   Skills:
 + Level 2.7 Fighting
 - Level 2.4 Dodging
 + Level 4.3 Stealth
 + Level 4.5 Spellcasting
 - Level 1.1 Conjurations
 * Level 4.7 Fire Magic


You had 13 spell levels left.
You knew the following spells:

 Your Spells              Type           Power      Damage    Failure   Level
a - Foxfire               Conj/Fire      100%       2x1d9     3%          1

Your spell library contained the following spells:

 Spells                   Type           Power      Damage    Failure   Level
 Scorch                   Fire           76%        2d8       2%          2
 Conjure Flame            Conj/Fire      26%        6-21      10%         3
 Inner Flame              Hex/Fire       23%        N/A       12%         3
 Confusing Touch          Hex            5%         N/A       32%         3
 Flame Wave               Conj/Fire      26%        2d7       32%         4
 Yara's Violent Unravell  Hex/Tmut       2%         3d3       96%         5
 Enfeeble                 Hex            2%         N/A       100%        7


Dungeon Overview and Level Annotations

Branches:
Dungeon (5/15)
 Temple: D:4-7

Altars:
Ashenzari
Kikubaaqudgha

Shops:
D:2 [


Message History

Your foxfire dissipates!
Your foxfire dissipates!
There is a stone staircase leading up here.
An ogre comes into view. It is wielding a +0 giant spiked club.
You feel a surge of power!
You conjure some foxfire!
An ogre is nearby!
Unknown command.
Your foxfire dissipates!
Found a dagger.
Found 19 stones and 7 gold pieces.
A giant cockroach comes into view.
The foxfire hits the ogre.
The ogre is lightly wounded.
The ogre shouts!
You feel a surge of power!
You conjure some foxfire!
You feel a surge of power!
You conjure some foxfire!
The foxfire hits the ogre but does no damage.
The ogre is lightly wounded.
The foxfire hits the ogre.
The ogre is lightly wounded.
The ogre closely misses you.
You feel a surge of power!
You conjure some foxfire!
The foxfire hits the ogre.
The ogre is moderately wounded.
The foxfire hits the ogre!
The ogre is heavily wounded.
You feel a surge of power!
You conjure some foxfire!
The foxfire hits the ogre.
The ogre is heavily wounded.
The foxfire hits the ogre.
The ogre is severely wounded.
The ogre hits you with a +0 giant spiked club!!
Ouch! That really hurt!
* * * LOW HITPOINT WARNING * * *
You hit the ogre.
The ogre is poisoned.
The ogre is almost dead.
The foxfire hits the ogre.
The ogre is almost dead.
The foxfire hits the ogre but does no damage.
The ogre is almost dead.
The ogre hits you with a +0 giant spiked club!
You die...

###########
########..........
#..<......)..#####
#.######)###.# # #.#
#.# #.#####
#####.######.# #......
#...§..)..##.# #######
#....@§...##.#########
#...O.§...##..........
#.........##########..
#............ ##..
#.........### #.###...
#.........# #.......
#....(.$..# #........
#.........# #.####.##
# #.#


You could see an ogre (very poisoned).

Vanquished Creatures
  A black bear (D:3)
  A hound (D:5)
  An iguana (D:5)
  4 adders
  A worm (D:2)
  A dart slug (D:1)
  11 orcs
  5 endoplasms
  4 giant cockroaches
  6 goblins
  9 hobgoblins
  7 jackals (D:1)
  7 kobolds
  A quokka (D:1)
  4 ball pythons
  5 bats
  4 frilled lizards
  5 rats
77 creatures vanquished.

Vanquished Creatures (others)
  536 foxfires
536 creatures vanquished.

Grand Total: 613 creatures vanquished

Notes
Turn   | Place    | Note
-------+----------+-------------------------------------------
     0 | D:1      | Hubjo the Deep Elf Fire Elementalist began the quest for
                  | the Orb.
     0 | D:1      | Reached XP level 1. HP: 10/10 MP: 6/6
   396 | D:1      | Reached XP level 2. HP: 8/16 MP: 4/8
   882 | D:1      | Found a faded altar of an unknown god.
  1019 | D:1      | Reached skill level 1 in Fighting
  1485 | D:1      | Reached XP level 3. HP: 20/20 MP: 4/9
  2051 | D:1      | HP: 1/20 [hobgoblin (1)]
  2545 | D:2      | Found Cetismest's Antique Armour Emporium.
  3057 | D:2      | Reached XP level 4. HP: 26/26 MP: 7/11
  3492 | D:3      | Noticed a black bear
  3499 | D:3      | Killed a black bear
  3500 | D:3      | Reached XP level 5. HP: 31/31 MP: 4/13
  3804 | D:3      | Found an ancient bone altar of Kikubaaqudgha.
  4527 | D:3      | Found a broken altar of Ashenzari.
  4874 | D:3      | Became a worshipper of Ashenzari the Shackled
  4991 | D:3      | You fall into a shaft and drop 2 floors!
  4991 | D:5      | Entered Level 5 of the Dungeon
  5122 | D:5      | Reached XP level 6. HP: 36/36 MP: 14/14
  5319 | D:4      | Mangled by an ogre

Illustrated notes

Levels and vault maps discovered:
D:1:      minmay_arrival_shattered_statue, layout_basic, basic_ecumenical_altar
D:2:      layout_loops_ring, serial_shops, shop, hangedman_decor_push
D:3:      layout_loops_ring, mainiacjoe_overflow_concentric_impassable,
          overflow_temple_1_default
D:4:      layout_loops_ring, mainiacjoe_overflow_24_doors
D:5:      cheibrodos_fertilizer, layout_basic, okawaru_gym_becter,
          kennysheep_cross_room, minmay_fractal_squares_gapless_5, uniq_sigmund

Skill      XL: |  1  2  3  4  5 |
---------------+----------------+-----
Fighting       | 1 2 |  2.7
Stealth        | 3 4 |  4.3
Spellcasting   | 4 |  4.5
Fire Magic     | 4 |  4.7
Dodging        | |  2.4
Conjurations   | |  1.1

Action                   |  1- 3 |  4- 6 || total
-------------------------+-------+-------++-------
Melee: Unarmed           |     4 |       ||     4
       Dagger            |       |     1 ||     1
 Cast: Foxfire           |   198 |   152 ||   350
  Use: Potion            |     1 |       ||     1
       Scroll            |       |     2 ||     2
Armor: Robe              |    18 |     7 ||    25
Dodge: Dodged            |    33 |     9 ||    42

Table legend: (Time is in decaauts)
 A = Elapsed time spent in this place.
 B = Non-inter-level travel time spent in this place.
 C = Inter-level travel time spent in this place.
 D = Time resting spent in this place.
 E = Time spent auto-exploring this place.
 F = Levels seen in this place.
 G = Mean time per level.
                   A        B        C        D        E       F      G
               +--------+--------+--------+--------+--------+-----+--------+
         Total |   5316 |   5161 |    155 |     15 |   4421 |   5 | 1063.2 |
       Dungeon |   5316 |   5161 |    155 |     15 |   4421 |   5 | 1063.2 |
               +--------+--------+--------+--------+--------+-----+--------+

Top non-repeatable levels by time:
     D:1: 2198 daAuts
     D:3: 1675 daAuts
     D:2: 1115 daAuts
     D:5: 207 daAuts
     D:4: 119 daAuts
